%YAML 1.1
%TAG !u! tag:unity3d.com,2011:
--- !u!29 &1
OcclusionCullingSettings:
  m_ObjectHideFlags: 0
  serializedVersion: 2
  m_OcclusionBakeSettings:
    smallestOccluder: 5
    smallestHole: 0.25
    backfaceThreshold: 100
  m_SceneGUID: 00000000000000000000000000000000
  m_OcclusionCullingData: {fileID: 0}
--- !u!104 &2
RenderSettings:
  m_ObjectHideFlags: 0
  serializedVersion: 9
  m_Fog: 0
  m_FogColor: {r: 0.5, g: 0.5, b: 0.5, a: 1}
  m_FogMode: 3
  m_FogDensity: 0.01
  m_LinearFogStart: 0
  m_LinearFogEnd: 300
  m_AmbientSkyColor: {r: 0.212, g: 0.227, b: 0.259, a: 1}
  m_AmbientEquatorColor: {r: 0.114, g: 0.125, b: 0.133, a: 1}
  m_AmbientGroundColor: {r: 0.047, g: 0.043, b: 0.035, a: 1}
  m_AmbientIntensity: 1
  m_AmbientMode: 0
  m_SubtractiveShadowColor: {r: 0.42, g: 0.478, b: 0.627, a: 1}
  m_SkyboxMaterial: {fileID: 10304, guid: 0000000000000000f000000000000000, type: 0}
  m_HaloStrength: 0.5
  m_FlareStrength: 1
  m_FlareFadeSpeed: 3
  m_HaloTexture: {fileID: 0}
  m_SpotCookie: {fileID: 10001, guid: 0000000000000000e000000000000000, type: 0}
  m_DefaultReflectionMode: 0
  m_DefaultReflectionResolution: 128
  m_ReflectionBounces: 1
  m_ReflectionIntensity: 1
  m_CustomReflection: {fileID: 0}
  m_Sun: {fileID: 705507994}
  m_IndirectSpecularColor: {r: 0.44657898, g: 0.4964133, b: 0.5748178, a: 1}
  m_UseRadianceAmbientProbe: 0
--- !u!157 &3
LightmapSettings:
  m_ObjectHideFlags: 0
  serializedVersion: 12
  m_GIWorkflowMode: 1
  m_GISettings:
    serializedVersion: 2
    m_BounceScale: 1
    m_IndirectOutputScale: 1
    m_AlbedoBoost: 1
    m_EnvironmentLightingMode: 0
    m_EnableBakedLightmaps: 1
    m_EnableRealtimeLightmaps: 0
  m_LightmapEditorSettings:
    serializedVersion: 12
    m_Resolution: 2
    m_BakeResolution: 40
    m_AtlasSize: 1024
    m_AO: 0
    m_AOMaxDistance: 1
    m_CompAOExponent: 1
    m_CompAOExponentDirect: 0
    m_ExtractAmbientOcclusion: 0
    m_Padding: 2
    m_LightmapParameters: {fileID: 0}
    m_LightmapsBakeMode: 1
    m_TextureCompression: 1
    m_FinalGather: 0
    m_FinalGatherFiltering: 1
    m_FinalGatherRayCount: 256
    m_ReflectionCompression: 2
    m_MixedBakeMode: 2
    m_BakeBackend: 1
    m_PVRSampling: 1
    m_PVRDirectSampleCount: 32
    m_PVRSampleCount: 500
    m_PVRBounces: 2
    m_PVREnvironmentSampleCount: 500
    m_PVREnvironmentReferencePointCount: 2048
    m_PVRFilteringMode: 2
    m_PVRDenoiserTypeDirect: 0
    m_PVRDenoiserTypeIndirect: 0
    m_PVRDenoiserTypeAO: 0
    m_PVRFilterTypeDirect: 0
    m_PVRFilterTypeIndirect: 0
    m_PVRFilterTypeAO: 0
    m_PVREnvironmentMIS: 0
    m_PVRCulling: 1
    m_PVRFilteringGaussRadiusDirect: 1
    m_PVRFilteringGaussRadiusIndirect: 5
    m_PVRFilteringGaussRadiusAO: 2
    m_PVRFilteringAtrousPositionSigmaDirect: 0.5
    m_PVRFilteringAtrousPositionSigmaIndirect: 2
    m_PVRFilteringAtrousPositionSigmaAO: 1
    m_ExportTrainingData: 0
    m_TrainingDataDestination: TrainingData
    m_LightProbeSampleCountMultiplier: 4
  m_LightingDataAsset: {fileID: 0}
  m_LightingSettings: {fileID: 0}
--- !u!196 &4
NavMeshSettings:
  serializedVersion: 2
  m_ObjectHideFlags: 0
  m_BuildSettings:
    serializedVersion: 2
    agentTypeID: 0
    agentRadius: 0.5
    agentHeight: 2
    agentSlope: 45
    agentClimb: 0.4
    ledgeDropHeight: 0
    maxJumpAcrossDistance: 0
    minRegionArea: 2
    manualCellSize: 0
    cellSize: 0.16666667
    manualTileSize: 0
    tileSize: 256
    accuratePlacement: 0
    maxJobWorkers: 0
    preserveTilesOutsideBounds: 0
    debug:
      m_Flags: 0
  m_NavMeshData: {fileID: 23800000, guid: e847f8c37241b2f479524974c5a2a9f6, type: 2}
--- !u!1 &39338776
GameObject:
  m_ObjectHideFlags: 0
  m_CorrespondingSourceObject: {fileID: 0}
  m_PrefabInstance: {fileID: 0}
  m_PrefabAsset: {fileID: 0}
  serializedVersion: 6
  m_Component:
  - component: {fileID: 39338777}
  m_Layer: 0
  m_Name: Waypoint2
  m_TagString: Untagged
  m_Icon: {fileID: 0}
  m_NavMeshLayer: 0
  m_StaticEditorFlags: 0
  m_IsActive: 1
--- !u!4 &39338777
Transform:
  m_ObjectHideFlags: 0
  m_CorrespondingSourceObject: {fileID: 0}
  m_PrefabInstance: {fileID: 0}
  m_PrefabAsset: {fileID: 0}
  m_GameObject: {fileID: 39338776}
  m_LocalRotation: {x: -0, y: -0, z: -0, w: 1}
  m_LocalPosition: {x: -15.65, y: 0, z: 13.85}
  m_LocalScale: {x: 1, y: 1, z: 1}
  m_ConstrainProportionsScale: 0
  m_Children: []
  m_Father: {fileID: 1641946130}
  m_RootOrder: 1
  m_LocalEulerAnglesHint: {x: 0, y: 0, z: 0}
--- !u!1001 &66499916
PrefabInstance:
  m_ObjectHideFlags: 0
  serializedVersion: 2
  m_Modification:
    m_TransformParent: {fileID: 1918068514}
    m_Modifications:
    - target: {fileID: 1906015796387160, guid: 9b8802d83e59c8c448a7665322aa7d17, type: 3}
      propertyPath: m_Name
      value: SM_Buildings_Floor_1x1_01
      objectReference: {fileID: 0}
    - target: {fileID: 1906015796387160, guid: 9b8802d83e59c8c448a7665322aa7d17, type: 3}
      propertyPath: m_StaticEditorFlags
      value: 8
      objectReference: {fileID: 0}
    - target: {fileID: 4566176650753290, guid: 9b8802d83e59c8c448a7665322aa7d17, type: 3}
      propertyPath: m_RootOrder
      value: 3
      objectReference: {fileID: 0}
    - target: {fileID: 4566176650753290, guid: 9b8802d83e59c8c448a7665322aa7d17, type: 3}
      propertyPath: m_LocalScale.x
      value: 40
      objectReference: {fileID: 0}
    - target: {fileID: 4566176650753290, guid: 9b8802d83e59c8c448a7665322aa7d17, type: 3}
      propertyPath: m_LocalScale.y
      value: 1
      objectReference: {fileID: 0}
    - target: {fileID: 4566176650753290, guid: 9b8802d83e59c8c448a7665322aa7d17, type: 3}
      propertyPath: m_LocalScale.z
      value: 40
      objectReference: {fileID: 0}
    - target: {fileID: 4566176650753290, guid: 9b8802d83e59c8c448a7665322aa7d17, type: 3}
      propertyPath: m_LocalPosition.x
      value: -20
      objectReference: {fileID: 0}
    - target: {fileID: 4566176650753290, guid: 9b8802d83e59c8c448a7665322aa7d17, type: 3}
      propertyPath: m_LocalPosition.y
      value: 0
      objectReference: {fileID: 0}
    - target: {fileID: 4566176650753290, guid: 9b8802d83e59c8c448a7665322aa7d17, type: 3}
      propertyPath: m_LocalPosition.z
      value: -20
      objectReference: {fileID: 0}
    - target: {fileID: 4566176650753290, guid: 9b8802d83e59c8c448a7665322aa7d17, type: 3}
      propertyPath: m_LocalRotation.w
      value: 1
      objectReference: {fileID: 0}
    - target: {fileID: 4566176650753290, guid: 9b8802d83e59c8c448a7665322aa7d17, type: 3}
      propertyPath: m_LocalRotation.x
      value: -0
      objectReference: {fileID: 0}
    - target: {fileID: 4566176650753290, guid: 9b8802d83e59c8c448a7665322aa7d17, type: 3}
      propertyPath: m_LocalRotation.y
      value: -0
      objectReference: {fileID: 0}
    - target: {fileID: 4566176650753290, guid: 9b8802d83e59c8c448a7665322aa7d17, type: 3}
      propertyPath: m_LocalRotation.z
      value: -0
      objectReference: {fileID: 0}
    - target: {fileID: 4566176650753290, guid: 9b8802d83e59c8c448a7665322aa7d17, type: 3}
      propertyPath: m_LocalEulerAnglesHint.x
      value: 0
      objectReference: {fileID: 0}
    - target: {fileID: 4566176650753290, guid: 9b8802d83e59c8c448a7665322aa7d17, type: 3}
      propertyPath: m_LocalEulerAnglesHint.y
      value: 0
      objectReference: {fileID: 0}
    - target: {fileID: 4566176650753290, guid: 9b8802d83e59c8c448a7665322aa7d17, type: 3}
      propertyPath: m_LocalEulerAnglesHint.z
      value: 0
      objectReference: {fileID: 0}
    - target: {fileID: 23640767895571922, guid: 9b8802d83e59c8c448a7665322aa7d17, type: 3}
      propertyPath: m_Materials.Array.data[0]
      value: 
      objectReference: {fileID: 2100000, guid: 1af2647115973bf449dd5da633885a65, type: 2}
    m_RemovedComponents: []
  m_SourcePrefab: {fileID: 100100000, guid: 9b8802d83e59c8c448a7665322aa7d17, type: 3}
--- !u!4 &66499917 stripped
Transform:
  m_CorrespondingSourceObject: {fileID: 4566176650753290, guid: 9b8802d83e59c8c448a7665322aa7d17, type: 3}
  m_PrefabInstance: {fileID: 66499916}
  m_PrefabAsset: {fileID: 0}
--- !u!4 &206011312 stripped
Transform:
  m_CorrespondingSourceObject: {fileID: 4957478770538164, guid: 46e18d94e2668c5479029197e6379a8e, type: 3}
  m_PrefabInstance: {fileID: 1899883165}
  m_PrefabAsset: {fileID: 0}
--- !u!4 &305136057 stripped
Transform:
  m_CorrespondingSourceObject: {fileID: 4957478770538164, guid: 46e18d94e2668c5479029197e6379a8e, type: 3}
  m_PrefabInstance: {fileID: 1127628082}
  m_PrefabAsset: {fileID: 0}
--- !u!4 &365310576 stripped
Transform:
  m_CorrespondingSourceObject: {fileID: 4957478770538164, guid: 46e18d94e2668c5479029197e6379a8e, type: 3}
  m_PrefabInstance: {fileID: 2040568022}
  m_PrefabAsset: {fileID: 0}
--- !u!1 &578269558 stripped
GameObject:
  m_CorrespondingSourceObject: {fileID: 1681474978969964, guid: 46e18d94e2668c5479029197e6379a8e, type: 3}
  m_PrefabInstance: {fileID: 1511094533}
  m_PrefabAsset: {fileID: 0}
--- !u!1 &705507993
GameObject:
  m_ObjectHideFlags: 0
  m_CorrespondingSourceObject: {fileID: 0}
  m_PrefabInstance: {fileID: 0}
  m_PrefabAsset: {fileID: 0}
  serializedVersion: 6
  m_Component:
  - component: {fileID: 705507995}
  - component: {fileID: 705507994}
  m_Layer: 0
  m_Name: Directional Light
  m_TagString: Untagged
  m_Icon: {fileID: 0}
  m_NavMeshLayer: 0
  m_StaticEditorFlags: 0
  m_IsActive: 1
--- !u!108 &705507994
Light:
  m_ObjectHideFlags: 0
  m_CorrespondingSourceObject: {fileID: 0}
  m_PrefabInstance: {fileID: 0}
  m_PrefabAsset: {fileID: 0}
  m_GameObject: {fileID: 705507993}
  m_Enabled: 1
  serializedVersion: 10
  m_Type: 1
  m_Shape: 0
  m_Color: {r: 1, g: 0.95686275, b: 0.8392157, a: 1}
  m_Intensity: 1
  m_Range: 10
  m_SpotAngle: 30
  m_InnerSpotAngle: 21.80208
  m_CookieSize: 10
  m_Shadows:
    m_Type: 2
    m_Resolution: -1
    m_CustomResolution: -1
    m_Strength: 1
    m_Bias: 0.05
    m_NormalBias: 0.4
    m_NearPlane: 0.2
    m_CullingMatrixOverride:
      e00: 1
      e01: 0
      e02: 0
      e03: 0
      e10: 0
      e11: 1
      e12: 0
      e13: 0
      e20: 0
      e21: 0
      e22: 1
      e23: 0
      e30: 0
      e31: 0
      e32: 0
      e33: 1
    m_UseCullingMatrixOverride: 0
  m_Cookie: {fileID: 0}
  m_DrawHalo: 0
  m_Flare: {fileID: 0}
  m_RenderMode: 0
  m_CullingMask:
    serializedVersion: 2
    m_Bits: 4294967295
  m_RenderingLayerMask: 1
  m_Lightmapping: 1
  m_LightShadowCasterMode: 0
  m_AreaSize: {x: 1, y: 1}
  m_BounceIntensity: 1
  m_ColorTemperature: 6570
  m_UseColorTemperature: 0
  m_BoundingSphereOverride: {x: 0, y: 0, z: 0, w: 0}
  m_UseBoundingSphereOverride: 0
  m_UseViewFrustumForShadowCasterCull: 1
  m_ShadowRadius: 0
  m_ShadowAngle: 0
--- !u!4 &705507995
Transform:
  m_ObjectHideFlags: 0
  m_CorrespondingSourceObject: {fileID: 0}
  m_PrefabInstance: {fileID: 0}
  m_PrefabAsset: {fileID: 0}
  m_GameObject: {fileID: 705507993}
  m_LocalRotation: {x: 0.40821788, y: -0.23456968, z: 0.10938163, w: 0.8754261}
  m_LocalPosition: {x: 0, y: 3, z: 0}
  m_LocalScale: {x: 1, y: 1, z: 1}
  m_ConstrainProportionsScale: 0
  m_Children: []
  m_Father: {fileID: 0}
  m_RootOrder: 3
  m_LocalEulerAnglesHint: {x: 50, y: -30, z: 0}
--- !u!1001 &711894545
PrefabInstance:
  m_ObjectHideFlags: 0
  serializedVersion: 2
  m_Modification:
    m_TransformParent: {fileID: 1918068514}
    m_Modifications:
    - target: {fileID: 1681474978969964, guid: 46e18d94e2668c5479029197e6379a8e, type: 3}
      propertyPath: m_Name
      value: SM_Buildings_Wall_5x3_01 (3)
      objectReference: {fileID: 0}
    - target: {fileID: 1681474978969964, guid: 46e18d94e2668c5479029197e6379a8e, type: 3}
      propertyPath: m_StaticEditorFlags
      value: 8
      objectReference: {fileID: 0}
    - target: {fileID: 4957478770538164, guid: 46e18d94e2668c5479029197e6379a8e, type: 3}
      propertyPath: m_RootOrder
      value: 6
      objectReference: {fileID: 0}
    - target: {fileID: 4957478770538164, guid: 46e18d94e2668c5479029197e6379a8e, type: 3}
      propertyPath: m_LocalScale.x
      value: 8
      objectReference: {fileID: 0}
    - target: {fileID: 4957478770538164, guid: 46e18d94e2668c5479029197e6379a8e, type: 3}
      propertyPath: m_LocalScale.y
      value: 1.5
      objectReference: {fileID: 0}
    - target: {fileID: 4957478770538164, guid: 46e18d94e2668c5479029197e6379a8e, type: 3}
      propertyPath: m_LocalPosition.x
      value: 20
      objectReference: {fileID: 0}
    - target: {fileID: 4957478770538164, guid: 46e18d94e2668c5479029197e6379a8e, type: 3}
      propertyPath: m_LocalPosition.y
      value: 0
      objectReference: {fileID: 0}
    - target: {fileID: 4957478770538164, guid: 46e18d94e2668c5479029197e6379a8e, type: 3}
      propertyPath: m_LocalPosition.z
      value: 20
      objectReference: {fileID: 0}
    - target: {fileID: 4957478770538164, guid: 46e18d94e2668c5479029197e6379a8e, type: 3}
      propertyPath: m_LocalRotation.w
      value: 0.7071068
      objectReference: {fileID: 0}
    - target: {fileID: 4957478770538164, guid: 46e18d94e2668c5479029197e6379a8e, type: 3}
      propertyPath: m_LocalRotation.x
      value: -0
      objectReference: {fileID: 0}
    - target: {fileID: 4957478770538164, guid: 46e18d94e2668c5479029197e6379a8e, type: 3}
      propertyPath: m_LocalRotation.y
      value: 0.7071068
      objectReference: {fileID: 0}
    - target: {fileID: 4957478770538164, guid: 46e18d94e2668c5479029197e6379a8e, type: 3}
      propertyPath: m_LocalRotation.z
      value: -0
      objectReference: {fileID: 0}
    - target: {fileID: 4957478770538164, guid: 46e18d94e2668c5479029197e6379a8e, type: 3}
      propertyPath: m_LocalEulerAnglesHint.x
      value: 0
      objectReference: {fileID: 0}
    - target: {fileID: 4957478770538164, guid: 46e18d94e2668c5479029197e6379a8e, type: 3}
      propertyPath: m_LocalEulerAnglesHint.y
      value: 90
      objectReference: {fileID: 0}
    - target: {fileID: 4957478770538164, guid: 46e18d94e2668c5479029197e6379a8e, type: 3}
      propertyPath: m_LocalEulerAnglesHint.z
      value: 0
      objectReference: {fileID: 0}
    m_RemovedComponents: []
  m_SourcePrefab: {fileID: 100100000, guid: 46e18d94e2668c5479029197e6379a8e, type: 3}
--- !u!4 &711894546 stripped
Transform:
  m_CorrespondingSourceObject: {fileID: 4957478770538164, guid: 46e18d94e2668c5479029197e6379a8e, type: 3}
  m_PrefabInstance: {fileID: 711894545}
  m_PrefabAsset: {fileID: 0}
--- !u!1001 &761596136
PrefabInstance:
  m_ObjectHideFlags: 0
  serializedVersion: 2
  m_Modification:
    m_TransformParent: {fileID: 1918068514}
    m_Modifications:
    - target: {fileID: 1681474978969964, guid: 46e18d94e2668c5479029197e6379a8e, type: 3}
      propertyPath: m_Name
      value: SM_Buildings_Wall_5x3_01 (4)
      objectReference: {fileID: 0}
    - target: {fileID: 1681474978969964, guid: 46e18d94e2668c5479029197e6379a8e, type: 3}
      propertyPath: m_StaticEditorFlags
      value: 8
      objectReference: {fileID: 0}
    - target: {fileID: 4957478770538164, guid: 46e18d94e2668c5479029197e6379a8e, type: 3}
      propertyPath: m_RootOrder
      value: 7
      objectReference: {fileID: 0}
    - target: {fileID: 4957478770538164, guid: 46e18d94e2668c5479029197e6379a8e, type: 3}
      propertyPath: m_LocalScale.x
      value: 6
      objectReference: {fileID: 0}
    - target: {fileID: 4957478770538164, guid: 46e18d94e2668c5479029197e6379a8e, type: 3}
      propertyPath: m_LocalScale.y
      value: 1.5
      objectReference: {fileID: 0}
    - target: {fileID: 4957478770538164, guid: 46e18d94e2668c5479029197e6379a8e, type: 3}
      propertyPath: m_LocalPosition.x
      value: -10
      objectReference: {fileID: 0}
    - target: {fileID: 4957478770538164, guid: 46e18d94e2668c5479029197e6379a8e, type: 3}
      propertyPath: m_LocalPosition.y
      value: 4.5
      objectReference: {fileID: 0}
    - target: {fileID: 4957478770538164, guid: 46e18d94e2668c5479029197e6379a8e, type: 3}
      propertyPath: m_LocalPosition.z
      value: -20
      objectReference: {fileID: 0}
    - target: {fileID: 4957478770538164, guid: 46e18d94e2668c5479029197e6379a8e, type: 3}
      propertyPath: m_LocalRotation.w
      value: 1
      objectReference: {fileID: 0}
    - target: {fileID: 4957478770538164, guid: 46e18d94e2668c5479029197e6379a8e, type: 3}
      propertyPath: m_LocalRotation.x
      value: -0
      objectReference: {fileID: 0}
    - target: {fileID: 4957478770538164, guid: 46e18d94e2668c5479029197e6379a8e, type: 3}
      propertyPath: m_LocalRotation.y
      value: -0
      objectReference: {fileID: 0}
    - target: {fileID: 4957478770538164, guid: 46e18d94e2668c5479029197e6379a8e, type: 3}
      propertyPath: m_LocalRotation.z
      value: -0
      objectReference: {fileID: 0}
    - target: {fileID: 4957478770538164, guid: 46e18d94e2668c5479029197e6379a8e, type: 3}
      propertyPath: m_LocalEulerAnglesHint.x
      value: 0
      objectReference: {fileID: 0}
    - target: {fileID: 4957478770538164, guid: 46e18d94e2668c5479029197e6379a8e, type: 3}
      propertyPath: m_LocalEulerAnglesHint.y
      value: 0
      objectReference: {fileID: 0}
    - target: {fileID: 4957478770538164, guid: 46e18d94e2668c5479029197e6379a8e, type: 3}
      propertyPath: m_LocalEulerAnglesHint.z
      value: 0
      objectReference: {fileID: 0}
    m_RemovedComponents: []
  m_SourcePrefab: {fileID: 100100000, guid: 46e18d94e2668c5479029197e6379a8e, type: 3}
--- !u!1001 &796831087
PrefabInstance:
  m_ObjectHideFlags: 0
  serializedVersion: 2
  m_Modification:
    m_TransformParent: {fileID: 0}
    m_Modifications:
    - target: {fileID: 4074246993824912745, guid: 0bf2b3923ccc40a4487bcc44531d2717, type: 3}
      propertyPath: m_Actions
      value: 
      objectReference: {fileID: -944628639613478452, guid: 4419d82f33d36e848b3ed5af4c8da37e, type: 3}
    - target: {fileID: 4074246993824912745, guid: 0bf2b3923ccc40a4487bcc44531d2717, type: 3}
      propertyPath: m_DefaultControlScheme
      value: 
      objectReference: {fileID: 0}
    - target: {fileID: 9056514781298908416, guid: 0bf2b3923ccc40a4487bcc44531d2717, type: 3}
      propertyPath: m_RootOrder
      value: 2
      objectReference: {fileID: 0}
    - target: {fileID: 9056514781298908416, guid: 0bf2b3923ccc40a4487bcc44531d2717, type: 3}
      propertyPath: m_LocalPosition.x
      value: -3.6
      objectReference: {fileID: 0}
    - target: {fileID: 9056514781298908416, guid: 0bf2b3923ccc40a4487bcc44531d2717, type: 3}
      propertyPath: m_LocalPosition.y
      value: 0
      objectReference: {fileID: 0}
    - target: {fileID: 9056514781298908416, guid: 0bf2b3923ccc40a4487bcc44531d2717, type: 3}
      propertyPath: m_LocalPosition.z
      value: 3.6
      objectReference: {fileID: 0}
    - target: {fileID: 9056514781298908416, guid: 0bf2b3923ccc40a4487bcc44531d2717, type: 3}
      propertyPath: m_LocalRotation.w
      value: 0.9171387
      objectReference: {fileID: 0}
    - target: {fileID: 9056514781298908416, guid: 0bf2b3923ccc40a4487bcc44531d2717, type: 3}
      propertyPath: m_LocalRotation.x
      value: -0
      objectReference: {fileID: 0}
    - target: {fileID: 9056514781298908416, guid: 0bf2b3923ccc40a4487bcc44531d2717, type: 3}
      propertyPath: m_LocalRotation.y
      value: -0.39856827
      objectReference: {fileID: 0}
    - target: {fileID: 9056514781298908416, guid: 0bf2b3923ccc40a4487bcc44531d2717, type: 3}
      propertyPath: m_LocalRotation.z
      value: -0
      objectReference: {fileID: 0}
    - target: {fileID: 9056514781298908416, guid: 0bf2b3923ccc40a4487bcc44531d2717, type: 3}
      propertyPath: m_LocalEulerAnglesHint.x
      value: 0
      objectReference: {fileID: 0}
    - target: {fileID: 9056514781298908416, guid: 0bf2b3923ccc40a4487bcc44531d2717, type: 3}
      propertyPath: m_LocalEulerAnglesHint.y
      value: 0
      objectReference: {fileID: 0}
    - target: {fileID: 9056514781298908416, guid: 0bf2b3923ccc40a4487bcc44531d2717, type: 3}
      propertyPath: m_LocalEulerAnglesHint.z
      value: 0
      objectReference: {fileID: 0}
    - target: {fileID: 9060547063617164290, guid: 0bf2b3923ccc40a4487bcc44531d2717, type: 3}
      propertyPath: m_Name
      value: TopViewPlayer 1
      objectReference: {fileID: 0}
    m_RemovedComponents: []
  m_SourcePrefab: {fileID: 100100000, guid: 0bf2b3923ccc40a4487bcc44531d2717, type: 3}
--- !u!4 &796831088 stripped
Transform:
  m_CorrespondingSourceObject: {fileID: 3148643919916860093, guid: 0bf2b3923ccc40a4487bcc44531d2717, type: 3}
  m_PrefabInstance: {fileID: 796831087}
  m_PrefabAsset: {fileID: 0}
--- !u!1 &963194225
GameObject:
  m_ObjectHideFlags: 0
  m_CorrespondingSourceObject: {fileID: 0}
  m_PrefabInstance: {fileID: 0}
  m_PrefabAsset: {fileID: 0}
  serializedVersion: 6
  m_Component:
  - component: {fileID: 963194228}
  - component: {fileID: 963194227}
  - component: {fileID: 963194226}
  - component: {fileID: 963194229}
  m_Layer: 0
  m_Name: Main Camera
  m_TagString: MainCamera
  m_Icon: {fileID: 0}
  m_NavMeshLayer: 0
  m_StaticEditorFlags: 0
  m_IsActive: 1
--- !u!81 &963194226
AudioListener:
  m_ObjectHideFlags: 0
  m_CorrespondingSourceObject: {fileID: 0}
  m_PrefabInstance: {fileID: 0}
  m_PrefabAsset: {fileID: 0}
  m_GameObject: {fileID: 963194225}
  m_Enabled: 1
--- !u!20 &963194227
Camera:
  m_ObjectHideFlags: 0
  m_CorrespondingSourceObject: {fileID: 0}
  m_PrefabInstance: {fileID: 0}
  m_PrefabAsset: {fileID: 0}
  m_GameObject: {fileID: 963194225}
  m_Enabled: 1
  serializedVersion: 2
  m_ClearFlags: 1
  m_BackGroundColor: {r: 0.19215687, g: 0.3019608, b: 0.4745098, a: 0}
  m_projectionMatrixMode: 1
  m_GateFitMode: 2
  m_FOVAxisMode: 0
  m_SensorSize: {x: 36, y: 24}
  m_LensShift: {x: 0, y: 0}
  m_FocalLength: 50
  m_NormalizedViewPortRect:
    serializedVersion: 2
    x: 0
    y: 0
    width: 1
    height: 1
  near clip plane: 0.2
  far clip plane: 500
  field of view: 40
  orthographic: 0
  orthographic size: 10
  m_Depth: -1
  m_CullingMask:
    serializedVersion: 2
    m_Bits: 4294967295
  m_RenderingPath: -1
  m_TargetTexture: {fileID: 0}
  m_TargetDisplay: 0
  m_TargetEye: 3
  m_HDR: 1
  m_AllowMSAA: 1
  m_AllowDynamicResolution: 0
  m_ForceIntoRT: 0
  m_OcclusionCulling: 1
  m_StereoConvergence: 10
  m_StereoSeparation: 0.022
--- !u!4 &963194228
Transform:
  m_ObjectHideFlags: 0
  m_CorrespondingSourceObject: {fileID: 0}
  m_PrefabInstance: {fileID: 0}
  m_PrefabAsset: {fileID: 0}
  m_GameObject: {fileID: 963194225}
  m_LocalRotation: {x: 0, y: -0.39856827, z: 0, w: 0.9171387}
  m_LocalPosition: {x: -0.5392034, y: 1.5, z: 1.0170705}
  m_LocalScale: {x: 1, y: 1, z: 1}
  m_ConstrainProportionsScale: 0
  m_Children: []
  m_Father: {fileID: 0}
  m_RootOrder: 0
  m_LocalEulerAnglesHint: {x: 30, y: 0, z: 0}
--- !u!114 &963194229
MonoBehaviour:
  m_ObjectHideFlags: 0
  m_CorrespondingSourceObject: {fileID: 0}
  m_PrefabInstance: {fileID: 0}
  m_PrefabAsset: {fileID: 0}
  m_GameObject: {fileID: 963194225}
  m_Enabled: 1
  m_EditorHideFlags: 0
  m_Script: {fileID: 11500000, guid: 72ece51f2901e7445ab60da3685d6b5f, type: 3}
  m_Name: 
  m_EditorClassIdentifier: 
  m_ShowDebugText: 0
  m_ShowCameraFrustum: 1
  m_IgnoreTimeScale: 0
  m_WorldUpOverride: {fileID: 0}
  m_UpdateMethod: 2
  m_BlendUpdateMethod: 1
  m_DefaultBlend:
    m_Style: 1
    m_Time: 2
    m_CustomCurve:
      serializedVersion: 2
      m_Curve: []
      m_PreInfinity: 2
      m_PostInfinity: 2
      m_RotationOrder: 4
  m_CustomBlends: {fileID: 0}
  m_CameraCutEvent:
    m_PersistentCalls:
      m_Calls: []
  m_CameraActivatedEvent:
    m_PersistentCalls:
      m_Calls: []
--- !u!1001 &1018960941
PrefabInstance:
  m_ObjectHideFlags: 0
  serializedVersion: 2
  m_Modification:
    m_TransformParent: {fileID: 0}
    m_Modifications:
    - target: {fileID: 4958257093262028779, guid: fd4d22634f240f745a35ae7a97a33d3b, type: 3}
      propertyPath: lookDirection
      value: 
      objectReference: {fileID: 578269558}
    - target: {fileID: 5474992827738265976, guid: fd4d22634f240f745a35ae7a97a33d3b, type: 3}
      propertyPath: m_RootOrder
      value: 6
      objectReference: {fileID: 0}
    - target: {fileID: 5474992827738265976, guid: fd4d22634f240f745a35ae7a97a33d3b, type: 3}
      propertyPath: m_LocalPosition.x
      value: -15.01
      objectReference: {fileID: 0}
    - target: {fileID: 5474992827738265976, guid: fd4d22634f240f745a35ae7a97a33d3b, type: 3}
      propertyPath: m_LocalPosition.y
      value: 4.8
      objectReference: {fileID: 0}
    - target: {fileID: 5474992827738265976, guid: fd4d22634f240f745a35ae7a97a33d3b, type: 3}
      propertyPath: m_LocalPosition.z
      value: -41.64
      objectReference: {fileID: 0}
    - target: {fileID: 5474992827738265976, guid: fd4d22634f240f745a35ae7a97a33d3b, type: 3}
      propertyPath: m_LocalRotation.w
      value: 1
      objectReference: {fileID: 0}
    - target: {fileID: 5474992827738265976, guid: fd4d22634f240f745a35ae7a97a33d3b, type: 3}
      propertyPath: m_LocalRotation.x
      value: 0
      objectReference: {fileID: 0}
    - target: {fileID: 5474992827738265976, guid: fd4d22634f240f745a35ae7a97a33d3b, type: 3}
      propertyPath: m_LocalRotation.y
      value: 0
      objectReference: {fileID: 0}
    - target: {fileID: 5474992827738265976, guid: fd4d22634f240f745a35ae7a97a33d3b, type: 3}
      propertyPath: m_LocalRotation.z
      value: 0
      objectReference: {fileID: 0}
    - target: {fileID: 5474992827738265976, guid: fd4d22634f240f745a35ae7a97a33d3b, type: 3}
      propertyPath: m_LocalEulerAnglesHint.x
      value: 0
      objectReference: {fileID: 0}
    - target: {fileID: 5474992827738265976, guid: fd4d22634f240f745a35ae7a97a33d3b, type: 3}
      propertyPath: m_LocalEulerAnglesHint.y
      value: 0
      objectReference: {fileID: 0}
    - target: {fileID: 5474992827738265976, guid: fd4d22634f240f745a35ae7a97a33d3b, type: 3}
      propertyPath: m_LocalEulerAnglesHint.z
      value: 0
      objectReference: {fileID: 0}
    - target: {fileID: 5474992827738265978, guid: fd4d22634f240f745a35ae7a97a33d3b, type: 3}
      propertyPath: m_Name
      value: Enemy_1
      objectReference: {fileID: 0}
    - target: {fileID: 5474992827738265979, guid: fd4d22634f240f745a35ae7a97a33d3b, type: 3}
      propertyPath: m_Controller
      value: 
      objectReference: {fileID: 9100000, guid: 40db3173a05ae3242b1c182a09b0a183, type: 2}
    m_RemovedComponents:
    - {fileID: 4958257093262028779, guid: fd4d22634f240f745a35ae7a97a33d3b, type: 3}
  m_SourcePrefab: {fileID: 100100000, guid: fd4d22634f240f745a35ae7a97a33d3b, type: 3}
--- !u!1 &1022295887
GameObject:
  m_ObjectHideFlags: 0
  m_CorrespondingSourceObject: {fileID: 0}
  m_PrefabInstance: {fileID: 0}
  m_PrefabAsset: {fileID: 0}
  serializedVersion: 6
  m_Component:
  - component: {fileID: 1022295888}
  m_Layer: 0
  m_Name: Waypoint1
  m_TagString: Untagged
  m_Icon: {fileID: 0}
  m_NavMeshLayer: 0
  m_StaticEditorFlags: 0
  m_IsActive: 1
--- !u!4 &1022295888
Transform:
  m_ObjectHideFlags: 0
  m_CorrespondingSourceObject: {fileID: 0}
  m_PrefabInstance: {fileID: 0}
  m_PrefabAsset: {fileID: 0}
  m_GameObject: {fileID: 1022295887}
  m_LocalRotation: {x: -0, y: -0, z: -0, w: 1}
  m_LocalPosition: {x: -16.04, y: 3.71, z: -42.85}
  m_LocalScale: {x: 1, y: 1, z: 1}
  m_ConstrainProportionsScale: 0
  m_Children: []
  m_Father: {fileID: 1641946130}
  m_RootOrder: 0
  m_LocalEulerAnglesHint: {x: 0, y: 0, z: 0}
--- !u!1001 &1070742289
PrefabInstance:
  m_ObjectHideFlags: 0
  serializedVersion: 2
  m_Modification:
    m_TransformParent: {fileID: 1918068514}
    m_Modifications:
    - target: {fileID: 1681474978969964, guid: 46e18d94e2668c5479029197e6379a8e, type: 3}
      propertyPath: m_Name
      value: SM_Buildings_Wall_5x3_01 (2)
      objectReference: {fileID: 0}
    - target: {fileID: 1681474978969964, guid: 46e18d94e2668c5479029197e6379a8e, type: 3}
      propertyPath: m_StaticEditorFlags
      value: 8
      objectReference: {fileID: 0}
    - target: {fileID: 4957478770538164, guid: 46e18d94e2668c5479029197e6379a8e, type: 3}
      propertyPath: m_RootOrder
      value: 5
      objectReference: {fileID: 0}
    - target: {fileID: 4957478770538164, guid: 46e18d94e2668c5479029197e6379a8e, type: 3}
      propertyPath: m_LocalScale.x
      value: 8
      objectReference: {fileID: 0}
    - target: {fileID: 4957478770538164, guid: 46e18d94e2668c5479029197e6379a8e, type: 3}
      propertyPath: m_LocalScale.y
      value: 1.5
      objectReference: {fileID: 0}
    - target: {fileID: 4957478770538164, guid: 46e18d94e2668c5479029197e6379a8e, type: 3}
      propertyPath: m_LocalPosition.x
      value: -20
      objectReference: {fileID: 0}
    - target: {fileID: 4957478770538164, guid: 46e18d94e2668c5479029197e6379a8e, type: 3}
      propertyPath: m_LocalPosition.y
      value: 0
      objectReference: {fileID: 0}
    - target: {fileID: 4957478770538164, guid: 46e18d94e2668c5479029197e6379a8e, type: 3}
      propertyPath: m_LocalPosition.z
      value: 20
      objectReference: {fileID: 0}
    - target: {fileID: 4957478770538164, guid: 46e18d94e2668c5479029197e6379a8e, type: 3}
      propertyPath: m_LocalRotation.w
      value: 0.7071068
      objectReference: {fileID: 0}
    - target: {fileID: 4957478770538164, guid: 46e18d94e2668c5479029197e6379a8e, type: 3}
      propertyPath: m_LocalRotation.x
      value: -0
      objectReference: {fileID: 0}
    - target: {fileID: 4957478770538164, guid: 46e18d94e2668c5479029197e6379a8e, type: 3}
      propertyPath: m_LocalRotation.y
      value: 0.7071068
      objectReference: {fileID: 0}
    - target: {fileID: 4957478770538164, guid: 46e18d94e2668c5479029197e6379a8e, type: 3}
      propertyPath: m_LocalRotation.z
      value: -0
      objectReference: {fileID: 0}
    - target: {fileID: 4957478770538164, guid: 46e18d94e2668c5479029197e6379a8e, type: 3}
      propertyPath: m_LocalEulerAnglesHint.x
      value: 0
      objectReference: {fileID: 0}
    - target: {fileID: 4957478770538164, guid: 46e18d94e2668c5479029197e6379a8e, type: 3}
      propertyPath: m_LocalEulerAnglesHint.y
      value: 90
      objectReference: {fileID: 0}
    - target: {fileID: 4957478770538164, guid: 46e18d94e2668c5479029197e6379a8e, type: 3}
      propertyPath: m_LocalEulerAnglesHint.z
      value: 0
      objectReference: {fileID: 0}
    m_RemovedComponents: []
  m_SourcePrefab: {fileID: 100100000, guid: 46e18d94e2668c5479029197e6379a8e, type: 3}
--- !u!4 &1070742290 stripped
Transform:
  m_CorrespondingSourceObject: {fileID: 4957478770538164, guid: 46e18d94e2668c5479029197e6379a8e, type: 3}
  m_PrefabInstance: {fileID: 1070742289}
  m_PrefabAsset: {fileID: 0}
--- !u!1001 &1127628082
PrefabInstance:
  m_ObjectHideFlags: 0
  serializedVersion: 2
  m_Modification:
    m_TransformParent: {fileID: 1918068514}
    m_Modifications:
    - target: {fileID: 1681474978969964, guid: 46e18d94e2668c5479029197e6379a8e, type: 3}
      propertyPath: m_Name
      value: SM_Buildings_Wall_5x3_01 (6)
      objectReference: {fileID: 0}
    - target: {fileID: 1681474978969964, guid: 46e18d94e2668c5479029197e6379a8e, type: 3}
      propertyPath: m_StaticEditorFlags
      value: 8
      objectReference: {fileID: 0}
    - target: {fileID: 4957478770538164, guid: 46e18d94e2668c5479029197e6379a8e, type: 3}
      propertyPath: m_RootOrder
      value: 9
      objectReference: {fileID: 0}
    - target: {fileID: 4957478770538164, guid: 46e18d94e2668c5479029197e6379a8e, type: 3}
      propertyPath: m_LocalScale.x
      value: 5
      objectReference: {fileID: 0}
    - target: {fileID: 4957478770538164, guid: 46e18d94e2668c5479029197e6379a8e, type: 3}
      propertyPath: m_LocalScale.y
      value: 1.5
      objectReference: {fileID: 0}
    - target: {fileID: 4957478770538164, guid: 46e18d94e2668c5479029197e6379a8e, type: 3}
      propertyPath: m_LocalPosition.x
      value: -10
      objectReference: {fileID: 0}
    - target: {fileID: 4957478770538164, guid: 46e18d94e2668c5479029197e6379a8e, type: 3}
      propertyPath: m_LocalPosition.y
      value: 4.5
      objectReference: {fileID: 0}
    - target: {fileID: 4957478770538164, guid: 46e18d94e2668c5479029197e6379a8e, type: 3}
      propertyPath: m_LocalPosition.z
      value: -20
      objectReference: {fileID: 0}
    - target: {fileID: 4957478770538164, guid: 46e18d94e2668c5479029197e6379a8e, type: 3}
      propertyPath: m_LocalRotation.w
      value: 0.7071068
      objectReference: {fileID: 0}
    - target: {fileID: 4957478770538164, guid: 46e18d94e2668c5479029197e6379a8e, type: 3}
      propertyPath: m_LocalRotation.x
      value: -0
      objectReference: {fileID: 0}
    - target: {fileID: 4957478770538164, guid: 46e18d94e2668c5479029197e6379a8e, type: 3}
      propertyPath: m_LocalRotation.y
      value: 0.7071068
      objectReference: {fileID: 0}
    - target: {fileID: 4957478770538164, guid: 46e18d94e2668c5479029197e6379a8e, type: 3}
      propertyPath: m_LocalRotation.z
      value: -0
      objectReference: {fileID: 0}
    - target: {fileID: 4957478770538164, guid: 46e18d94e2668c5479029197e6379a8e, type: 3}
      propertyPath: m_LocalEulerAnglesHint.x
      value: 0
      objectReference: {fileID: 0}
    - target: {fileID: 4957478770538164, guid: 46e18d94e2668c5479029197e6379a8e, type: 3}
      propertyPath: m_LocalEulerAnglesHint.y
      value: 90
      objectReference: {fileID: 0}
    - target: {fileID: 4957478770538164, guid: 46e18d94e2668c5479029197e6379a8e, type: 3}
      propertyPath: m_LocalEulerAnglesHint.z
      value: 0
      objectReference: {fileID: 0}
    m_RemovedComponents: []
  m_SourcePrefab: {fileID: 100100000, guid: 46e18d94e2668c5479029197e6379a8e, type: 3}
--- !u!1001 &1176808850
PrefabInstance:
  m_ObjectHideFlags: 0
  serializedVersion: 2
  m_Modification:
    m_TransformParent: {fileID: 1918068514}
    m_Modifications:
    - target: {fileID: 1768606788610258, guid: 2e23bb932cf4ec7498eb4b727d9113fa, type: 3}
      propertyPath: m_Name
      value: SM_Buildings_Floor_5x5_01
      objectReference: {fileID: 0}
    - target: {fileID: 1768606788610258, guid: 2e23bb932cf4ec7498eb4b727d9113fa, type: 3}
      propertyPath: m_StaticEditorFlags
      value: 8
      objectReference: {fileID: 0}
    - target: {fileID: 4855193289971172, guid: 2e23bb932cf4ec7498eb4b727d9113fa, type: 3}
      propertyPath: m_RootOrder
      value: 0
      objectReference: {fileID: 0}
    - target: {fileID: 4855193289971172, guid: 2e23bb932cf4ec7498eb4b727d9113fa, type: 3}
      propertyPath: m_LocalScale.x
      value: 2
      objectReference: {fileID: 0}
    - target: {fileID: 4855193289971172, guid: 2e23bb932cf4ec7498eb4b727d9113fa, type: 3}
      propertyPath: m_LocalScale.y
      value: 1
      objectReference: {fileID: 0}
    - target: {fileID: 4855193289971172, guid: 2e23bb932cf4ec7498eb4b727d9113fa, type: 3}
      propertyPath: m_LocalScale.z
      value: 5
      objectReference: {fileID: 0}
    - target: {fileID: 4855193289971172, guid: 2e23bb932cf4ec7498eb4b727d9113fa, type: 3}
      propertyPath: m_LocalPosition.x
      value: -20
      objectReference: {fileID: 0}
    - target: {fileID: 4855193289971172, guid: 2e23bb932cf4ec7498eb4b727d9113fa, type: 3}
      propertyPath: m_LocalPosition.y
      value: 4.6
      objectReference: {fileID: 0}
    - target: {fileID: 4855193289971172, guid: 2e23bb932cf4ec7498eb4b727d9113fa, type: 3}
      propertyPath: m_LocalPosition.z
      value: -45
      objectReference: {fileID: 0}
    - target: {fileID: 4855193289971172, guid: 2e23bb932cf4ec7498eb4b727d9113fa, type: 3}
      propertyPath: m_LocalRotation.w
      value: 1
      objectReference: {fileID: 0}
    - target: {fileID: 4855193289971172, guid: 2e23bb932cf4ec7498eb4b727d9113fa, type: 3}
      propertyPath: m_LocalRotation.x
      value: -0
      objectReference: {fileID: 0}
    - target: {fileID: 4855193289971172, guid: 2e23bb932cf4ec7498eb4b727d9113fa, type: 3}
      propertyPath: m_LocalRotation.y
      value: -0
      objectReference: {fileID: 0}
    - target: {fileID: 4855193289971172, guid: 2e23bb932cf4ec7498eb4b727d9113fa, type: 3}
      propertyPath: m_LocalRotation.z
      value: -0
      objectReference: {fileID: 0}
    - target: {fileID: 4855193289971172, guid: 2e23bb932cf4ec7498eb4b727d9113fa, type: 3}
      propertyPath: m_LocalEulerAnglesHint.x
      value: 0
      objectReference: {fileID: 0}
    - target: {fileID: 4855193289971172, guid: 2e23bb932cf4ec7498eb4b727d9113fa, type: 3}
      propertyPath: m_LocalEulerAnglesHint.y
      value: 0
      objectReference: {fileID: 0}
    - target: {fileID: 4855193289971172, guid: 2e23bb932cf4ec7498eb4b727d9113fa, type: 3}
      propertyPath: m_LocalEulerAnglesHint.z
      value: 0
      objectReference: {fileID: 0}
    m_RemovedComponents: []
  m_SourcePrefab: {fileID: 100100000, guid: 2e23bb932cf4ec7498eb4b727d9113fa, type: 3}
--- !u!1001 &1246568754
PrefabInstance:
  m_ObjectHideFlags: 0
  serializedVersion: 2
  m_Modification:
    m_TransformParent: {fileID: 1918068514}
    m_Modifications:
    - target: {fileID: 1677700735617402, guid: 35fa27492e15c404c8c74b193c08b652, type: 3}
      propertyPath: m_Name
      value: SM_Buildings_Ramp_30_1x1_01
      objectReference: {fileID: 0}
    - target: {fileID: 1677700735617402, guid: 35fa27492e15c404c8c74b193c08b652, type: 3}
      propertyPath: m_StaticEditorFlags
      value: 8
      objectReference: {fileID: 0}
    - target: {fileID: 4108645776997846, guid: 35fa27492e15c404c8c74b193c08b652, type: 3}
      propertyPath: m_RootOrder
      value: 1
      objectReference: {fileID: 0}
    - target: {fileID: 4108645776997846, guid: 35fa27492e15c404c8c74b193c08b652, type: 3}
      propertyPath: m_LocalScale.x
      value: 10
      objectReference: {fileID: 0}
    - target: {fileID: 4108645776997846, guid: 35fa27492e15c404c8c74b193c08b652, type: 3}
      propertyPath: m_LocalScale.y
      value: 8
      objectReference: {fileID: 0}
    - target: {fileID: 4108645776997846, guid: 35fa27492e15c404c8c74b193c08b652, type: 3}
      propertyPath: m_LocalScale.z
      value: 15
      objectReference: {fileID: 0}
    - target: {fileID: 4108645776997846, guid: 35fa27492e15c404c8c74b193c08b652, type: 3}
      propertyPath: m_LocalPosition.x
      value: -20
      objectReference: {fileID: 0}
    - target: {fileID: 4108645776997846, guid: 35fa27492e15c404c8c74b193c08b652, type: 3}
      propertyPath: m_LocalPosition.y
      value: 0
      objectReference: {fileID: 0}
    - target: {fileID: 4108645776997846, guid: 35fa27492e15c404c8c74b193c08b652, type: 3}
      propertyPath: m_LocalPosition.z
      value: -20
      objectReference: {fileID: 0}
    - target: {fileID: 4108645776997846, guid: 35fa27492e15c404c8c74b193c08b652, type: 3}
      propertyPath: m_LocalRotation.w
      value: 1
      objectReference: {fileID: 0}
    - target: {fileID: 4108645776997846, guid: 35fa27492e15c404c8c74b193c08b652, type: 3}
      propertyPath: m_LocalRotation.x
      value: -0
      objectReference: {fileID: 0}
    - target: {fileID: 4108645776997846, guid: 35fa27492e15c404c8c74b193c08b652, type: 3}
      propertyPath: m_LocalRotation.y
      value: -0
      objectReference: {fileID: 0}
    - target: {fileID: 4108645776997846, guid: 35fa27492e15c404c8c74b193c08b652, type: 3}
      propertyPath: m_LocalRotation.z
      value: -0
      objectReference: {fileID: 0}
    - target: {fileID: 4108645776997846, guid: 35fa27492e15c404c8c74b193c08b652, type: 3}
      propertyPath: m_LocalEulerAnglesHint.x
      value: 0
      objectReference: {fileID: 0}
    - target: {fileID: 4108645776997846, guid: 35fa27492e15c404c8c74b193c08b652, type: 3}
      propertyPath: m_LocalEulerAnglesHint.y
      value: 0
      objectReference: {fileID: 0}
    - target: {fileID: 4108645776997846, guid: 35fa27492e15c404c8c74b193c08b652, type: 3}
      propertyPath: m_LocalEulerAnglesHint.z
      value: 0
      objectReference: {fileID: 0}
    m_RemovedComponents: []
  m_SourcePrefab: {fileID: 100100000, guid: 35fa27492e15c404c8c74b193c08b652, type: 3}
--- !u!1 &1374108800 stripped
GameObject:
  m_CorrespondingSourceObject: {fileID: 5474992827738265978, guid: fd4d22634f240f745a35ae7a97a33d3b, type: 3}
  m_PrefabInstance: {fileID: 1018960941}
  m_PrefabAsset: {fileID: 0}
--- !u!136 &1374108805
CapsuleCollider:
  m_ObjectHideFlags: 0
  m_CorrespondingSourceObject: {fileID: 0}
  m_PrefabInstance: {fileID: 0}
  m_PrefabAsset: {fileID: 0}
  m_GameObject: {fileID: 1374108800}
  m_Material: {fileID: 0}
  m_IsTrigger: 0
  m_Enabled: 1
  m_Radius: 0.3
  m_Height: 2
  m_Direction: 1
  m_Center: {x: 0, y: 1, z: 0}
--- !u!114 &1374108810
MonoBehaviour:
  m_ObjectHideFlags: 0
  m_CorrespondingSourceObject: {fileID: 0}
  m_PrefabInstance: {fileID: 0}
  m_PrefabAsset: {fileID: 0}
  m_GameObject: {fileID: 1374108800}
  m_Enabled: 1
  m_EditorHideFlags: 0
  m_Script: {fileID: 11500000, guid: 8fdbb2842ac03294d9f263560374c3e2, type: 3}
  m_Name: 
  m_EditorClassIdentifier: 
  waypoints:
  - {fileID: 1022295887}
  - {fileID: 39338776}
  - {fileID: 2014747506}
--- !u!1001 &1488880813
PrefabInstance:
  m_ObjectHideFlags: 0
  serializedVersion: 2
  m_Modification:
    m_TransformParent: {fileID: 0}
    m_Modifications:
    - target: {fileID: 2937886718177701480, guid: 31a96bb0c4c3b92438770029134cd296, type: 3}
      propertyPath: m_RootOrder
      value: 1
      objectReference: {fileID: 0}
    - target: {fileID: 2937886718177701480, guid: 31a96bb0c4c3b92438770029134cd296, type: 3}
      propertyPath: m_LocalPosition.x
      value: -0.5392034
      objectReference: {fileID: 0}
    - target: {fileID: 2937886718177701480, guid: 31a96bb0c4c3b92438770029134cd296, type: 3}
      propertyPath: m_LocalPosition.y
      value: 1.5
      objectReference: {fileID: 0}
    - target: {fileID: 2937886718177701480, guid: 31a96bb0c4c3b92438770029134cd296, type: 3}
      propertyPath: m_LocalPosition.z
      value: 1.0170705
      objectReference: {fileID: 0}
    - target: {fileID: 2937886718177701480, guid: 31a96bb0c4c3b92438770029134cd296, type: 3}
      propertyPath: m_LocalRotation.w
      value: 1
      objectReference: {fileID: 0}
    - target: {fileID: 2937886718177701480, guid: 31a96bb0c4c3b92438770029134cd296, type: 3}
      propertyPath: m_LocalRotation.x
      value: 0
      objectReference: {fileID: 0}
    - target: {fileID: 2937886718177701480, guid: 31a96bb0c4c3b92438770029134cd296, type: 3}
      propertyPath: m_LocalRotation.y
      value: 0
      objectReference: {fileID: 0}
    - target: {fileID: 2937886718177701480, guid: 31a96bb0c4c3b92438770029134cd296, type: 3}
      propertyPath: m_LocalRotation.z
      value: 0
      objectReference: {fileID: 0}
    - target: {fileID: 2937886718177701480, guid: 31a96bb0c4c3b92438770029134cd296, type: 3}
      propertyPath: m_LocalEulerAnglesHint.x
      value: 0
      objectReference: {fileID: 0}
    - target: {fileID: 2937886718177701480, guid: 31a96bb0c4c3b92438770029134cd296, type: 3}
      propertyPath: m_LocalEulerAnglesHint.y
      value: 0
      objectReference: {fileID: 0}
    - target: {fileID: 2937886718177701480, guid: 31a96bb0c4c3b92438770029134cd296, type: 3}
      propertyPath: m_LocalEulerAnglesHint.z
      value: 0
      objectReference: {fileID: 0}
    - target: {fileID: 2937886718177701481, guid: 31a96bb0c4c3b92438770029134cd296, type: 3}
      propertyPath: m_Follow
      value: 
      objectReference: {fileID: 796831088}
    - target: {fileID: 2937886718177701783, guid: 31a96bb0c4c3b92438770029134cd296, type: 3}
      propertyPath: m_Name
      value: PlayerFollowCamera Variant
      objectReference: {fileID: 0}
    m_RemovedComponents: []
  m_SourcePrefab: {fileID: 100100000, guid: 31a96bb0c4c3b92438770029134cd296, type: 3}
--- !u!1001 &1511094533
PrefabInstance:
  m_ObjectHideFlags: 0
  serializedVersion: 2
  m_Modification:
    m_TransformParent: {fileID: 1918068514}
    m_Modifications:
    - target: {fileID: 1681474978969964, guid: 46e18d94e2668c5479029197e6379a8e, type: 3}
      propertyPath: m_Name
      value: SM_Buildings_Wall_5x3_01 (1)
      objectReference: {fileID: 0}
    - target: {fileID: 1681474978969964, guid: 46e18d94e2668c5479029197e6379a8e, type: 3}
      propertyPath: m_StaticEditorFlags
      value: 8
      objectReference: {fileID: 0}
    - target: {fileID: 4957478770538164, guid: 46e18d94e2668c5479029197e6379a8e, type: 3}
      propertyPath: m_RootOrder
      value: 4
      objectReference: {fileID: 0}
    - target: {fileID: 4957478770538164, guid: 46e18d94e2668c5479029197e6379a8e, type: 3}
      propertyPath: m_LocalScale.x
      value: 8
      objectReference: {fileID: 0}
    - target: {fileID: 4957478770538164, guid: 46e18d94e2668c5479029197e6379a8e, type: 3}
      propertyPath: m_LocalScale.y
      value: 1.5
      objectReference: {fileID: 0}
    - target: {fileID: 4957478770538164, guid: 46e18d94e2668c5479029197e6379a8e, type: 3}
      propertyPath: m_LocalPosition.x
      value: -20
      objectReference: {fileID: 0}
    - target: {fileID: 4957478770538164, guid: 46e18d94e2668c5479029197e6379a8e, type: 3}
      propertyPath: m_LocalPosition.y
      value: 0
      objectReference: {fileID: 0}
    - target: {fileID: 4957478770538164, guid: 46e18d94e2668c5479029197e6379a8e, type: 3}
      propertyPath: m_LocalPosition.z
      value: 20
      objectReference: {fileID: 0}
    - target: {fileID: 4957478770538164, guid: 46e18d94e2668c5479029197e6379a8e, type: 3}
      propertyPath: m_LocalRotation.w
      value: 1
      objectReference: {fileID: 0}
    - target: {fileID: 4957478770538164, guid: 46e18d94e2668c5479029197e6379a8e, type: 3}
      propertyPath: m_LocalRotation.x
      value: -0
      objectReference: {fileID: 0}
    - target: {fileID: 4957478770538164, guid: 46e18d94e2668c5479029197e6379a8e, type: 3}
      propertyPath: m_LocalRotation.y
      value: -0
      objectReference: {fileID: 0}
    - target: {fileID: 4957478770538164, guid: 46e18d94e2668c5479029197e6379a8e, type: 3}
      propertyPath: m_LocalRotation.z
      value: -0
      objectReference: {fileID: 0}
    - target: {fileID: 4957478770538164, guid: 46e18d94e2668c5479029197e6379a8e, type: 3}
      propertyPath: m_LocalEulerAnglesHint.x
      value: 0
      objectReference: {fileID: 0}
    - target: {fileID: 4957478770538164, guid: 46e18d94e2668c5479029197e6379a8e, type: 3}
      propertyPath: m_LocalEulerAnglesHint.y
      value: 0
      objectReference: {fileID: 0}
    - target: {fileID: 4957478770538164, guid: 46e18d94e2668c5479029197e6379a8e, type: 3}
      propertyPath: m_LocalEulerAnglesHint.z
      value: 0
      objectReference: {fileID: 0}
    m_RemovedComponents: []
  m_SourcePrefab: {fileID: 100100000, guid: 46e18d94e2668c5479029197e6379a8e, type: 3}
--- !u!4 &1511094534 stripped
Transform:
  m_CorrespondingSourceObject: {fileID: 4957478770538164, guid: 46e18d94e2668c5479029197e6379a8e, type: 3}
  m_PrefabInstance: {fileID: 1511094533}
  m_PrefabAsset: {fileID: 0}
--- !u!1001 &1551357197
PrefabInstance:
  m_ObjectHideFlags: 0
  serializedVersion: 2
  m_Modification:
    m_TransformParent: {fileID: 1918068514}
    m_Modifications:
    - target: {fileID: 1681474978969964, guid: 46e18d94e2668c5479029197e6379a8e, type: 3}
      propertyPath: m_Name
      value: SM_Buildings_Wall_5x3_01
      objectReference: {fileID: 0}
    - target: {fileID: 1681474978969964, guid: 46e18d94e2668c5479029197e6379a8e, type: 3}
      propertyPath: m_StaticEditorFlags
      value: 8
      objectReference: {fileID: 0}
    - target: {fileID: 4957478770538164, guid: 46e18d94e2668c5479029197e6379a8e, type: 3}
      propertyPath: m_RootOrder
      value: 2
      objectReference: {fileID: 0}
    - target: {fileID: 4957478770538164, guid: 46e18d94e2668c5479029197e6379a8e, type: 3}
      propertyPath: m_LocalScale.x
      value: 8
      objectReference: {fileID: 0}
    - target: {fileID: 4957478770538164, guid: 46e18d94e2668c5479029197e6379a8e, type: 3}
      propertyPath: m_LocalScale.y
      value: 1.5
      objectReference: {fileID: 0}
    - target: {fileID: 4957478770538164, guid: 46e18d94e2668c5479029197e6379a8e, type: 3}
      propertyPath: m_LocalPosition.x
      value: -20
      objectReference: {fileID: 0}
    - target: {fileID: 4957478770538164, guid: 46e18d94e2668c5479029197e6379a8e, type: 3}
      propertyPath: m_LocalPosition.y
      value: 0
      objectReference: {fileID: 0}
    - target: {fileID: 4957478770538164, guid: 46e18d94e2668c5479029197e6379a8e, type: 3}
      propertyPath: m_LocalPosition.z
      value: -20
      objectReference: {fileID: 0}
    - target: {fileID: 4957478770538164, guid: 46e18d94e2668c5479029197e6379a8e, type: 3}
      propertyPath: m_LocalRotation.w
      value: 1
      objectReference: {fileID: 0}
    - target: {fileID: 4957478770538164, guid: 46e18d94e2668c5479029197e6379a8e, type: 3}
      propertyPath: m_LocalRotation.x
      value: -0
      objectReference: {fileID: 0}
    - target: {fileID: 4957478770538164, guid: 46e18d94e2668c5479029197e6379a8e, type: 3}
      propertyPath: m_LocalRotation.y
      value: -0
      objectReference: {fileID: 0}
    - target: {fileID: 4957478770538164, guid: 46e18d94e2668c5479029197e6379a8e, type: 3}
      propertyPath: m_LocalRotation.z
      value: -0
      objectReference: {fileID: 0}
    - target: {fileID: 4957478770538164, guid: 46e18d94e2668c5479029197e6379a8e, type: 3}
      propertyPath: m_LocalEulerAnglesHint.x
      value: 0
      objectReference: {fileID: 0}
    - target: {fileID: 4957478770538164, guid: 46e18d94e2668c5479029197e6379a8e, type: 3}
      propertyPath: m_LocalEulerAnglesHint.y
      value: 0
      objectReference: {fileID: 0}
    - target: {fileID: 4957478770538164, guid: 46e18d94e2668c5479029197e6379a8e, type: 3}
      propertyPath: m_LocalEulerAnglesHint.z
      value: 0
      objectReference: {fileID: 0}
    m_RemovedComponents: []
  m_SourcePrefab: {fileID: 100100000, guid: 46e18d94e2668c5479029197e6379a8e, type: 3}
--- !u!4 &1551357198 stripped
Transform:
  m_CorrespondingSourceObject: {fileID: 4957478770538164, guid: 46e18d94e2668c5479029197e6379a8e, type: 3}
  m_PrefabInstance: {fileID: 1551357197}
  m_PrefabAsset: {fileID: 0}
--- !u!1 &1641946129
GameObject:
  m_ObjectHideFlags: 0
  m_CorrespondingSourceObject: {fileID: 0}
  m_PrefabInstance: {fileID: 0}
  m_PrefabAsset: {fileID: 0}
  serializedVersion: 6
  m_Component:
  - component: {fileID: 1641946130}
  m_Layer: 0
  m_Name: Waypoints
  m_TagString: Untagged
  m_Icon: {fileID: 0}
  m_NavMeshLayer: 0
  m_StaticEditorFlags: 0
  m_IsActive: 1
--- !u!4 &1641946130
Transform:
  m_ObjectHideFlags: 0
  m_CorrespondingSourceObject: {fileID: 0}
  m_PrefabInstance: {fileID: 0}
  m_PrefabAsset: {fileID: 0}
  m_GameObject: {fileID: 1641946129}
  m_LocalRotation: {x: 0, y: 0, z: 0, w: 1}
  m_LocalPosition: {x: 1, y: 1, z: 1}
  m_LocalScale: {x: 1, y: 1, z: 1}
  m_ConstrainProportionsScale: 0
  m_Children:
  - {fileID: 1022295888}
  - {fileID: 39338777}
  - {fileID: 2014747507}
  m_Father: {fileID: 0}
  m_RootOrder: 7
  m_LocalEulerAnglesHint: {x: 0, y: 0, z: 0}
--- !u!4 &1759342122 stripped
Transform:
  m_CorrespondingSourceObject: {fileID: 4957478770538164, guid: 46e18d94e2668c5479029197e6379a8e, type: 3}
  m_PrefabInstance: {fileID: 761596136}
  m_PrefabAsset: {fileID: 0}
--- !u!1001 &1899883165
PrefabInstance:
  m_ObjectHideFlags: 0
  serializedVersion: 2
  m_Modification:
    m_TransformParent: {fileID: 1918068514}
    m_Modifications:
    - target: {fileID: 1681474978969964, guid: 46e18d94e2668c5479029197e6379a8e, type: 3}
      propertyPath: m_Name
      value: SM_Buildings_Wall_5x3_01 (7)
      objectReference: {fileID: 0}
    - target: {fileID: 1681474978969964, guid: 46e18d94e2668c5479029197e6379a8e, type: 3}
      propertyPath: m_StaticEditorFlags
      value: 8
      objectReference: {fileID: 0}
    - target: {fileID: 4957478770538164, guid: 46e18d94e2668c5479029197e6379a8e, type: 3}
      propertyPath: m_RootOrder
      value: 10
      objectReference: {fileID: 0}
    - target: {fileID: 4957478770538164, guid: 46e18d94e2668c5479029197e6379a8e, type: 3}
      propertyPath: m_LocalScale.x
      value: 2
      objectReference: {fileID: 0}
    - target: {fileID: 4957478770538164, guid: 46e18d94e2668c5479029197e6379a8e, type: 3}
      propertyPath: m_LocalScale.y
      value: 1.5
      objectReference: {fileID: 0}
    - target: {fileID: 4957478770538164, guid: 46e18d94e2668c5479029197e6379a8e, type: 3}
      propertyPath: m_LocalPosition.x
      value: -20
      objectReference: {fileID: 0}
    - target: {fileID: 4957478770538164, guid: 46e18d94e2668c5479029197e6379a8e, type: 3}
      propertyPath: m_LocalPosition.y
      value: 4.5
      objectReference: {fileID: 0}
    - target: {fileID: 4957478770538164, guid: 46e18d94e2668c5479029197e6379a8e, type: 3}
      propertyPath: m_LocalPosition.z
      value: -45
      objectReference: {fileID: 0}
    - target: {fileID: 4957478770538164, guid: 46e18d94e2668c5479029197e6379a8e, type: 3}
      propertyPath: m_LocalRotation.w
      value: 1
      objectReference: {fileID: 0}
    - target: {fileID: 4957478770538164, guid: 46e18d94e2668c5479029197e6379a8e, type: 3}
      propertyPath: m_LocalRotation.x
      value: -0
      objectReference: {fileID: 0}
    - target: {fileID: 4957478770538164, guid: 46e18d94e2668c5479029197e6379a8e, type: 3}
      propertyPath: m_LocalRotation.y
      value: -0
      objectReference: {fileID: 0}
    - target: {fileID: 4957478770538164, guid: 46e18d94e2668c5479029197e6379a8e, type: 3}
      propertyPath: m_LocalRotation.z
      value: -0
      objectReference: {fileID: 0}
    - target: {fileID: 4957478770538164, guid: 46e18d94e2668c5479029197e6379a8e, type: 3}
      propertyPath: m_LocalEulerAnglesHint.x
      value: 0
      objectReference: {fileID: 0}
    - target: {fileID: 4957478770538164, guid: 46e18d94e2668c5479029197e6379a8e, type: 3}
      propertyPath: m_LocalEulerAnglesHint.y
      value: 0
      objectReference: {fileID: 0}
    - target: {fileID: 4957478770538164, guid: 46e18d94e2668c5479029197e6379a8e, type: 3}
      propertyPath: m_LocalEulerAnglesHint.z
      value: 0
      objectReference: {fileID: 0}
    m_RemovedComponents: []
  m_SourcePrefab: {fileID: 100100000, guid: 46e18d94e2668c5479029197e6379a8e, type: 3}
--- !u!1 &1918068513
GameObject:
  m_ObjectHideFlags: 0
  m_CorrespondingSourceObject: {fileID: 0}
  m_PrefabInstance: {fileID: 0}
  m_PrefabAsset: {fileID: 0}
  serializedVersion: 6
  m_Component:
  - component: {fileID: 1918068514}
  m_Layer: 0
  m_Name: Enviroment
  m_TagString: Untagged
  m_Icon: {fileID: 0}
  m_NavMeshLayer: 0
  m_StaticEditorFlags: 0
  m_IsActive: 1
--- !u!4 &1918068514
Transform:
  m_ObjectHideFlags: 0
  m_CorrespondingSourceObject: {fileID: 0}
  m_PrefabInstance: {fileID: 0}
  m_PrefabAsset: {fileID: 0}
  m_GameObject: {fileID: 1918068513}
  m_LocalRotation: {x: 0, y: 0, z: 0, w: 1}
  m_LocalPosition: {x: 0, y: 0, z: 0}
  m_LocalScale: {x: 1, y: 1, z: 1}
  m_ConstrainProportionsScale: 0
  m_Children:
  - {fileID: 2139455235}
  - {fileID: 1939449421}
  - {fileID: 1551357198}
  - {fileID: 66499917}
  - {fileID: 1511094534}
  - {fileID: 1070742290}
  - {fileID: 711894546}
  - {fileID: 1759342122}
  - {fileID: 365310576}
  - {fileID: 305136057}
  - {fileID: 206011312}
  m_Father: {fileID: 0}
  m_RootOrder: 4
  m_LocalEulerAnglesHint: {x: 0, y: 0, z: 0}
--- !u!4 &1939449421 stripped
Transform:
  m_CorrespondingSourceObject: {fileID: 4108645776997846, guid: 35fa27492e15c404c8c74b193c08b652, type: 3}
  m_PrefabInstance: {fileID: 1246568754}
  m_PrefabAsset: {fileID: 0}
--- !u!1 &2014747506
GameObject:
  m_ObjectHideFlags: 0
  m_CorrespondingSourceObject: {fileID: 0}
  m_PrefabInstance: {fileID: 0}
  m_PrefabAsset: {fileID: 0}
  serializedVersion: 6
  m_Component:
  - component: {fileID: 2014747507}
  m_Layer: 0
  m_Name: Waypoint3
  m_TagString: Untagged
  m_Icon: {fileID: 0}
  m_NavMeshLayer: 0
  m_StaticEditorFlags: 0
  m_IsActive: 1
--- !u!4 &2014747507
Transform:
  m_ObjectHideFlags: 0
  m_CorrespondingSourceObject: {fileID: 0}
  m_PrefabInstance: {fileID: 0}
  m_PrefabAsset: {fileID: 0}
  m_GameObject: {fileID: 2014747506}
  m_LocalRotation: {x: -0, y: -0, z: -0, w: 1}
  m_LocalPosition: {x: 10.91, y: 0, z: 13.85}
  m_LocalScale: {x: 1, y: 1, z: 1}
  m_ConstrainProportionsScale: 0
  m_Children: []
  m_Father: {fileID: 1641946130}
  m_RootOrder: 2
  m_LocalEulerAnglesHint: {x: 0, y: 0, z: 0}
--- !u!1 &2035417224
GameObject:
  m_ObjectHideFlags: 0
  m_CorrespondingSourceObject: {fileID: 0}
  m_PrefabInstance: {fileID: 0}
  m_PrefabAsset: {fileID: 0}
  serializedVersion: 6
  m_Component:
  - component: {fileID: 2035417226}
  - component: {fileID: 2035417225}
  m_Layer: 0
  m_Name: Director
  m_TagString: Untagged
  m_Icon: {fileID: 0}
  m_NavMeshLayer: 0
  m_StaticEditorFlags: 0
  m_IsActive: 1
--- !u!320 &2035417225
PlayableDirector:
  m_ObjectHideFlags: 0
  m_CorrespondingSourceObject: {fileID: 0}
  m_PrefabInstance: {fileID: 0}
  m_PrefabAsset: {fileID: 0}
  m_GameObject: {fileID: 2035417224}
  m_Enabled: 1
  serializedVersion: 3
  m_PlayableAsset: {fileID: 0}
  m_InitialState: 1
  m_WrapMode: 2
  m_DirectorUpdateMode: 1
  m_InitialTime: 0
  m_SceneBindings: []
  m_ExposedReferences:
    m_References: []
--- !u!4 &2035417226
Transform:
  m_ObjectHideFlags: 0
  m_CorrespondingSourceObject: {fileID: 0}
  m_PrefabInstance: {fileID: 0}
  m_PrefabAsset: {fileID: 0}
  m_GameObject: {fileID: 2035417224}
  m_LocalRotation: {x: 0, y: 0, z: 0, w: 1}
  m_LocalPosition: {x: -3.1708353, y: 0.72187656, z: -1.7909286}
  m_LocalScale: {x: 1, y: 1, z: 1}
  m_ConstrainProportionsScale: 0
  m_Children: []
  m_Father: {fileID: 0}
  m_RootOrder: 5
  m_LocalEulerAnglesHint: {x: 0, y: 0, z: 0}
--- !u!1001 &2040568022
PrefabInstance:
  m_ObjectHideFlags: 0
  serializedVersion: 2
  m_Modification:
    m_TransformParent: {fileID: 1918068514}
    m_Modifications:
    - target: {fileID: 1681474978969964, guid: 46e18d94e2668c5479029197e6379a8e, type: 3}
      propertyPath: m_Name
      value: SM_Buildings_Wall_5x3_01 (5)
      objectReference: {fileID: 0}
    - target: {fileID: 1681474978969964, guid: 46e18d94e2668c5479029197e6379a8e, type: 3}
      propertyPath: m_StaticEditorFlags
      value: 8
      objectReference: {fileID: 0}
    - target: {fileID: 4957478770538164, guid: 46e18d94e2668c5479029197e6379a8e, type: 3}
      propertyPath: m_RootOrder
      value: 8
      objectReference: {fileID: 0}
    - target: {fileID: 4957478770538164, guid: 46e18d94e2668c5479029197e6379a8e, type: 3}
      propertyPath: m_LocalScale.x
      value: 13
      objectReference: {fileID: 0}
    - target: {fileID: 4957478770538164, guid: 46e18d94e2668c5479029197e6379a8e, type: 3}
      propertyPath: m_LocalScale.y
      value: 1.5
      objectReference: {fileID: 0}
    - target: {fileID: 4957478770538164, guid: 46e18d94e2668c5479029197e6379a8e, type: 3}
      propertyPath: m_LocalPosition.x
      value: -20
      objectReference: {fileID: 0}
    - target: {fileID: 4957478770538164, guid: 46e18d94e2668c5479029197e6379a8e, type: 3}
      propertyPath: m_LocalPosition.y
      value: 4.5
      objectReference: {fileID: 0}
    - target: {fileID: 4957478770538164, guid: 46e18d94e2668c5479029197e6379a8e, type: 3}
      propertyPath: m_LocalPosition.z
      value: 20
      objectReference: {fileID: 0}
    - target: {fileID: 4957478770538164, guid: 46e18d94e2668c5479029197e6379a8e, type: 3}
      propertyPath: m_LocalRotation.w
      value: 0.7071068
      objectReference: {fileID: 0}
    - target: {fileID: 4957478770538164, guid: 46e18d94e2668c5479029197e6379a8e, type: 3}
      propertyPath: m_LocalRotation.x
      value: -0
      objectReference: {fileID: 0}
    - target: {fileID: 4957478770538164, guid: 46e18d94e2668c5479029197e6379a8e, type: 3}
      propertyPath: m_LocalRotation.y
      value: 0.7071068
      objectReference: {fileID: 0}
    - target: {fileID: 4957478770538164, guid: 46e18d94e2668c5479029197e6379a8e, type: 3}
      propertyPath: m_LocalRotation.z
      value: -0
      objectReference: {fileID: 0}
    - target: {fileID: 4957478770538164, guid: 46e18d94e2668c5479029197e6379a8e, type: 3}
      propertyPath: m_LocalEulerAnglesHint.x
      value: 0
      objectReference: {fileID: 0}
    - target: {fileID: 4957478770538164, guid: 46e18d94e2668c5479029197e6379a8e, type: 3}
      propertyPath: m_LocalEulerAnglesHint.y
      value: 90
      objectReference: {fileID: 0}
    - target: {fileID: 4957478770538164, guid: 46e18d94e2668c5479029197e6379a8e, type: 3}
      propertyPath: m_LocalEulerAnglesHint.z
      value: 0
      objectReference: {fileID: 0}
    m_RemovedComponents: []
  m_SourcePrefab: {fileID: 100100000, guid: 46e18d94e2668c5479029197e6379a8e, type: 3}
--- !u!4 &2139455235 stripped
Transform:
  m_CorrespondingSourceObject: {fileID: 4855193289971172, guid: 2e23bb932cf4ec7498eb4b727d9113fa, type: 3}
  m_PrefabInstance: {fileID: 1176808850}
  m_PrefabAsset: {fileID: 0}
